cohdb
Replays
Latest Replays
All Replays
Popular Replays
Top Player Replays
Match Explorer
How It Works
Community
CoH3 Stats
Reddit
Sign in to upload your games and track your stats! →
Sign in with Steam
Match 42099720
Unlisted
Match 42099720
Overview
Messages
Build Orders
End
Pioneer Squad
Construct Infanterie Kompanie
Selects Terror Battlegroup
Grenadier Squad
Selects Machine Gun Camouflage
MG 42 Machine Gun Team
Grenadier Squad
Construct Panzergrenadier Kompanie
Selects Contempt for the Weak
Panzergrenadier Squad
Enfury
71chy
qZeto
BIOHAZARD
0
0
Comments
sign in to comment!
No comments posted yet!